AoeStats
← Jackie Chiles

Arabia

507124897Analyzed
2v2 RM · 17d ago on Sep 16, 2026· 41m 1s· 4 players
Game mode
Random Map
Map size
Medium (4 player)
Population
200
Speed
Normal
Resources
Standard
Victory
Conquest
Starting age
Dark Age
Ending age
Imperial Age
RankedLock teamsTeams togetherTeam positionsShared explorationLock speedFull tech treeHidden civsTurbo modeCheats
Victory
Defeat
🇪🇸 Franks · Spain
1130
+15
🇪🇸 Spanish · Spain
1127
+15
🇹🇷 Franks · Türkiye
1101
-15
🇹🇷 Persians · Türkiye
1099
-15
Diablo
9:47 Feudal Age
8:27 Loom
10:39 Double-Bit Axe
19:23 Castle Age
17:54 Gold Mining
18:40 Forging
20:49 Scale Barding Armor
21:43 Husbandry
23:40 Chain Barding Armor
26:28 Wheelbarrow
25:40 Town Watch
26:33 Iron Casting
38:03 Gold Shaft Mining
Jackie Chiles
9:35 Feudal Age
10:50 Loom
19:25 Castle Age
18:12 Forging
21:52 Iron Casting
21:28 Double-Bit Axe
21:26 Horse Collar
22:22 Bloodlines
22:47 Town Watch
24:36 Pikeman
25:51 Stone Mining
26:29 Scale Mail Armor
28:41 Wheelbarrow
28:50 Fletching
30:32 Kamandaran
30:49 Gold Mining
32:43 Squires
32:09 Crossbowman
33:08 Bow Saw
33:32 Padded Archer Armor
33:27 Bodkin Arrow
37:20 Imperial Age
36:04 Heavy Plow
37:23 Leather Archer Armor
VeX
10:57 Feudal Age
9:13 Loom
13:12 Double-Bit Axe
20:38 Castle Age
19:34 Stone Mining
19:36 Gold Mining
21:25 Husbandry
24:48 Scale Barding Armor
25:02 Bow Saw
31:17 Wheelbarrow
33:03 Forging
35:55 #83
38:33 Iron Casting
40:24 Chain Barding Armor
xKuesT
9:47 Feudal Age
13:34 Double-Bit Axe
15:23 Loom
18:28 Castle Age
17:25 Stone Mining
19:36 Bow Saw
22:51 Gold Mining
29:13 Horse Collar
31:09 Heavy Plow
35:48 Imperial Age
34:23 Padded Archer Armor
35:32 Fletching
Connection lost

Rejoining the realm…

Still unreachable

The connection could not be restored.

Session expired

The server has moved on; the page needs a fresh start.